 Dungeon Crawl Stone Soup version 0.27-a0-1193-g8631133539 (webtiles) character file.

Game seed: 7912483968085392012

2 EnegeticOcto the Magician (level 1, -6/15 HPs)
             Began as a Djinni Earth Elementalist on May 25, 2021.
             Mangled by a gnoll
             ... wielding a +0 halberd
              (7 damage)
             ... on level 4 of the Dungeon.
             The game lasted 00:00:52 (149 turns).

EnegeticOcto the Magician (DjEE)                     Turns: 149, Time: 00:00:53

Health: -6/15      AC:  2    Str:  5 (7)  XL:     1   Next: 44%
Gold:   31         EV: 12    Int: 15 (16) God:
                   SH:  0    Dex: 10 (13)

rFire    + + .     SeeInvis .   (no weapon)
rCold    x . .     Faith    .   (no shield)
rNeg     . . .     Spirit   .   c - +0 robe
rPois    ∞         Reflect  .   (no helmet)
rElec    .         Harm     .   (no cloak)
rCorr    .         Rampage  .   (no gloves)
Will     .....                  (boots unavailable)
Stlth    ++........             (no amulet)
HPRegen  0.05/turn              (no ring)
MPRegen  0.00/turn              (no ring)

@: flying
A: sickness immunity, fire resistance 2, cold vulnerability 1, float, innate
caster, hp casting, extra vitality 1
a: no special abilities


You were on level 4 of the Dungeon.
You visited 1 branch of the dungeon, and saw 4 of its levels.

You collected 31 gold pieces.

Inventory:

Hand Weapons
 a - a +0 rapier
   (You found it on level 3 of the Dungeon)
Missiles
 b - 39 stones
Armour
 c - a +0 robe (worn)


   Skills:
 - Level 2.1 Dodging
 - Level 1.5 Stealth
 + Level 2.5 Spellcasting


You couldn't memorise any spells.
You knew the following spells:

 Your Spells              Type           Power      Damage    Failure   Level
a - Sandblast             Erth           18%        2d7       8%          1
b - Stone Arrow           Conj/Erth      18%        3d8       22%         3
c - Petrify               Tmut/Erth      9%         N/A       58%         4
d - Lee's Rapid Deconstr  Erth           4%         3d6*      90%         5
p - Passwall              Tmut/Erth      7%         N/A       11%         2
Your spell library was empty.

Dungeon Overview and Level Annotations

Branches:
Dungeon (4/15)
 Temple: D:4-7

Altars:
Elyvilon


Innate Abilities, Weirdness & Mutations

You are immune to sickness and miasma.
You are immune to poison.
Your flesh is very heat resistant. (rF++)
You are vulnerable to cold. (rC-)
You float through the air rather than walking.
You learn spells naturally, not from books.
Your magical power is your life essence.
You have superior vitality. (+4 HP)


Message History

The blast of sand hits the rat.
You kill the rat!
The frilled lizard hisses angrily.
Your magical contamination has completely faded away.
You see here a golden potion.
It was a potion of degeneration.
There was something very wrong with that liquid.
You feel weakened.
You feel dopey.
You feel clumsy.
Casting: Sandblast (safe; 8% risk of failure)
Confirm with . or Enter, or press ? or * to list all spells.
Aiming: Sandblast (safe; 8% risk of failure)
Press: ? - help, Shift-Dir - straight line, f - frilled lizard
Aim: a frilled lizard (63% to hit)
The blast of sand hits the frilled lizard.
You kill the frilled lizard!
You now have 18 gold pieces.
Found a stone staircase leading down.
(D) Dungeon
Where to? (? - help)
There is a stone staircase leading down here.
You fly downwards.
A rat comes into view.
There is a stone staircase leading up here.
Casting: Sandblast (safe; 8% risk of failure)
Confirm with . or Enter, or press ? or * to list all spells.
Aiming: Sandblast (safe; 8% risk of failure)
Press: ? - help, Shift-Dir - straight line, f - rat
Aim: a rat (asleep, 100% to hit)
The blast of sand hits the rat.
You kill the rat!
Found a rapier.
Found a white marble altar of Elyvilon.
You see here a +0 rapier.
a - a +0 rapier You reach down and open the door.
A rat comes into view.
Found 15 stones.
There is an open door here.
The rat misses you.
Casting: Sandblast (safe; 8% risk of failure)
Confirm with . or Enter, or press ? or * to list all spells.
Aiming: Sandblast (safe; 8% risk of failure)
Press: ? - help, Shift-Dir - straight line, f - rat
Aim: a rat (78% to hit)
You miscast Sandblast.
You are very lightly contaminated with residual magic.
Nothing appears to happen.
The rat bites you.
Casting: Sandblast (safe; 8% risk of failure)
Confirm with . or Enter, or press ? or * to list all spells.
Aiming: Sandblast (safe; 8% risk of failure)
Press: ? - help, Shift-Dir - straight line, f/p - rat
Aim: a rat (78% to hit)
The blast of sand hits the rat!
You kill the rat!
Your magical contamination has completely faded away.
b - 39 stones (gained 15)
You reach down and open the door.
There is an open door here.
You reach down and open the door.
There is an open door here.
You reach down and open the door.
Found 13 gold pieces.
There is an open door here.
Found a gold piece.
Found a stone staircase leading down.
You now have 31 gold pieces (gained 13).
(D) Dungeon
Where to? (Enter - D:3, ? - help)
There is a stone staircase leading down here.
You fly downwards.
A jelly, a hobgoblin, 5 gnolls, a kobold and 2 orcs come into view.
The orc is wielding a +0 mace of venom and wearing a +2 leather armour of poison resistance.
The gnoll shouts! x2; The kobold shouts!
The gnoll shaman shouts!
The gnoll shouts!
The orc warrior shouts!
You hear a shout!
Found four items.
Found a stone staircase leading up.
There is a stone staircase leading up here.
An orc comes into view. It is wielding a +0 club.
The gnoll closely misses you.
Found a war axe.
The gnoll shouts!
You hear a shout!
The kobold throws a stone.
The stone hits you.
Found a runed agate ring.
The jelly closely misses you. The hobgoblin hits you.
The kobold throws a stone.
The stone hits you but does no damage.
Found 8 gold pieces.
You see here a ring of magical power.
The jelly hits you but does no damage.
The kobold throws a stone.
The stone hits you.
Found a runed metal-bound book.
The kobold throws a stone.
The stone barely misses you.
The kobold throws a stone.
The stone closely misses you.
The gnoll shaman calls upon its god to speed up the gnoll.
The gnoll seems to speed up.
You see here a ring of resist corrosion.
The hobgoblin hits you. The hobgoblin closely misses you.
The gnoll hits you from afar with a +0 spear.
* * * LOW HITPOINT WARNING * * *
The kobold throws a stone.
The stone hits you but does no damage.
The gnoll hits you from afar with a +0 halberd!
You die...

########
##......##
##........##
#.......:..#
#.$........#
#......@Jg=#
#....).....#
####......ggg.#
....#.........##.
#......gog......
#.......o...+###
#....K......#
#...........#
##.......o?..#


You could see an orc warrior, a gnoll shaman, a jelly, 4 gnolls, an orc, a
hobgoblin and a kobold.

Vanquished Creatures
  A frilled lizard (D:2)
  3 rats
4 creatures vanquished.

Vanquished Creatures (others)
  A plant (D:3)
1 creature vanquished.

Grand Total: 5 creatures vanquished

Notes
Turn   | Place    | Note
-------+----------+-------------------------------------------
     0 | D:1      | EnegeticOcto the Djinni Earth Elementalist began the quest
                  | for the Orb.
     0 | D:1      | Reached XP level 1. HP: 15/15 MP: 0/0
    17 | D:1      | You are sucked into a shaft and drop 1 floor!
    66 | D:3      | Found a white marble altar of Elyvilon.
   137 | D:4      | Noticed a jelly
   137 | D:4      | Noticed an orc warrior
   137 | D:4      | Noticed a gnoll shaman
   149 | D:4      | Mangled by a gnoll

Illustrated notes

Levels and vault maps discovered:
D:1:      wheals_arrival_linesprint, layout_basic
D:2:      layout_rooms, minmay_bisected
D:3:      layout_basic, nicolae_elyvilon_temple_path, old_standard_altar,
          serial_bayou_lake_a
D:4:      minmay_evil_eye, layout_rooms, general_overflow_altar,
          nicolae_ru_great_annihilating_truth, grunt_decor_one_mirror,
          uniq_pikel

Action                   || total
-------------------------++-------
 Cast: Sandblast         ||     6
  Use: Potion            ||     1
Armor: Robe              ||     3
Dodge: Dodged            ||     7

Table legend: (Time is in decaauts)
 A = Elapsed time spent in this place.
 B = Non-inter-level travel time spent in this place.
 C = Inter-level travel time spent in this place.
 D = Time resting spent in this place.
 E = Time spent auto-exploring this place.
 F = Levels seen in this place.
 G = Mean time per level.
                   A        B        C        D        E       F      G
               +--------+--------+--------+--------+--------+-----+--------+
         Total |    148 |    143 |      5 |      0 |      0 |   4 |   37.0 |
       Dungeon |    148 |    143 |      5 |      0 |      0 |   4 |   37.0 |
               +--------+--------+--------+--------+--------+-----+--------+

Top non-repeatable levels by time:
     D:3: 77 daAuts
     D:2: 41 daAuts
     D:1: 17 daAuts
     D:4: 11 daAuts
